Map: Galactic Process LE

Players

Neeb

  • Race: Protoss Protoss

Snute - Winner!

  • Race: Zerg Zerg

Event: WCS Copa Intercontinental

VOD

https://www.youtube.com/watch?v=D26bZdcscLs

Description

Time

  • Played on: Sept. 11, 2016, 3:36 p.m.
  • Length: 15:23

All games in this series

Show
View Real Time Build Order
Export as new Build Order

Neeb Protoss 

Build Orders: Nexus First, Zealot Archon, Dark Templar Rush 

Get SALT Encoding   

  12  0:01  Probe (Chrono Boost)  
  13  0:11  Probe (Chrono Boost)  
  14  0:18  Pylon  
  14  0:22  Probe (Chrono Boost)  
  15  0:36  Probe (Chrono Boost)  
  16  0:47  Probe (Chrono Boost)  
  17  1:00  Nexus  
  18  1:04  Probe (Chrono Boost)  
  18  1:15  Gateway  
  18  1:18  Probe (Chrono Boost)  
  19  1:25  Assimilator  
  19  1:28  Probe (Chrono Boost)  
  19  1:31  Assimilator  
  20  1:39  Probe (Chrono Boost)  
  21  1:49  Probe (Chrono Boost)  
  22  2:00  Probe (Chrono Boost)  
  23  2:01  Cybernetics Core  
  23  2:06  Pylon  
  23  2:12  Probe (Chrono Boost)  
  23  2:13  Probe (Chrono Boost)  
  26  2:23  Probe (Chrono Boost)  
  26  2:24  Probe (Chrono Boost)  
  27  2:33  Probe (Chrono Boost)  
  27  2:35  Probe (Chrono Boost), Adept  
  29  2:39  Warp Gate, Twilight Council  
  29  2:44  Probe (Chrono Boost)  
  32  2:47  Probe (Chrono Boost)  
  33  2:55  Mothership Core (Chrono Boost)  
  36  2:58  Adept  
  36  2:59  Probe (Chrono Boost)  
  38  3:11  Probe (Chrono Boost)  
  39  3:13  Probe (Chrono Boost)  
  39  3:15  Robotics Facility  
  40  3:23  Probe x2 (Chrono Boost)  
  42  3:33  Probe (Chrono Boost)  
  44  3:34  Probe (Chrono Boost)  
  44  3:39  Gateway x2  
  42  3:41  Gateway  
  42  3:43  Dark Shrine  
  42  3:44  Probe (Chrono Boost)  
  42  3:47  Adept  
  45  3:50  Pylon, Probe (Chrono Boost)  
  46  4:01  Pylon  
  46  4:03  Warp Prism  
  46  4:08  Assimilator, Probe (Chrono Boost)  
  50  4:10  Assimilator, Probe (Chrono Boost)  
  50  4:19  Probe (Chrono Boost)  
  50  4:22  Probe (Chrono Boost)  
  52  4:29  Probe (Chrono Boost)  
  52  4:39  Probe (Chrono Boost)  
  52  4:45  Probe (Chrono Boost)  
  52  4:46  Adept x2  
  52  4:52  Probe (Chrono Boost)  
  56  4:55  Probe (Chrono Boost)  
  56  4:56  Pylon  
  57  5:04  Probe (Chrono Boost)  
  57  5:05  Pylon  
  58  5:08  Dark Templar x2  
  58  5:13  Archon  
  58  5:14  Dark Templar, Pylon  
  62  5:15  Dark Templar  
  62  5:18  Probe (Chrono Boost), Forge  
  62  5:19  Probe (Chrono Boost), Archon  
  68  5:23  Pylon  
  68  5:28  Probe (Chrono Boost)  
  69  5:29  Immortal  
  69  5:31  Probe (Chrono Boost)  
  75  5:43  Stalker  
  75  5:44  Probe x2 (Chrono Boost)  
  75  5:48  Protoss Ground Weapons Level 1  
  78  5:53  Blink  
  78  5:56  Probe (Chrono Boost)  
  80  5:57  Probe (Chrono Boost)  
  80  6:00  Pylon  
  80  6:01  Nexus  
  80  6:05  Sentry  
  80  6:06  Sentry  
  80  6:07  Probe (Chrono Boost)  
  80  6:08  Probe (Chrono Boost)  
  80  6:11  Pylon  
  86  6:17  Immortal  
  86  6:18  Probe (Chrono Boost)  
  81  6:22  Sentry  
  81  6:23  Probe (Chrono Boost)  
  84  6:28  Probe (Chrono Boost)  
  85  6:33  Assimilator  
  85  6:35  Probe (Chrono Boost)  
  85  6:38  Assimilator  
  85  6:39  Probe (Chrono Boost)  
  87  6:41  Pylon  
  88  6:47  Probe (Chrono Boost)  
  88  6:49  Probe (Chrono Boost)  
  88  6:51  Pylon  
  89  6:55  Gateway  
  89  6:56  Warp Prism  
  89  6:57  Gateway  
  89  6:59  Probe (Chrono Boost)  
  89  7:00  Gateway  
  91  7:01  Gateway  
  91  7:02  Probe (Chrono Boost)  
  93  7:11  Probe (Chrono Boost)  
  93  7:13  Stalker x2  
  93  7:14  Stalker  
  98  7:18  Stalker  
  98  7:21  Probe (Chrono Boost)  
  98  7:22  Probe (Chrono Boost)  
  101  7:24  Photon Cannon  
  98  7:31  Probe (Chrono Boost)  
  98  7:35  Protoss Ground Weapons Level 2  
  98  7:36  Probe (Chrono Boost)  
  99  7:37  Photon Cannon  
  99  7:40  Photon Cannon  
  99  7:43  Stalker x3  
  105  7:45  Stalker  
  105  7:53  Probe (Chrono Boost)  
  105  7:54  Probe x2 (Chrono Boost)  
  105  8:04  Probe (Chrono Boost)  
  108  8:06  Probe (Chrono Boost)  
  108  8:07  Probe (Chrono Boost)  
  108  8:09  Pylon  
  108  8:11  Immortal  
  108  8:14  Probe (Chrono Boost)  
  108  8:17  Templar Archives  
  108  8:18  Probe (Chrono Boost)  
  114  8:21  Probe (Chrono Boost)  
  114  8:25  Probe (Chrono Boost)  
  115  8:37  Charge  
  115  8:41  Stalker x4  
  115  8:42  Stalker x4  
  115  8:48  Psionic Storm  
  131  8:52  Gateway  
  131  8:53  Gateway  
  131  8:55  Gateway  
  131  9:07  High Templar x2  
  131  9:08  High Templar x2  
  139  9:17  High Templar, Nexus  
  139  9:20  Pylon  
  141  9:26  Gateway  
  141  9:27  Pylon  
  141  9:29  Photon Cannon  
  141  9:32  Pylon, High Templar  
  141  9:33  Pylon, High Templar  
  141  9:34  Pylon  
  145  9:44  Photon Cannon  
  145  9:50  Protoss Ground Weapons Level 3  
  145  9:54  Warp Prism  
  147  10:01  Zealot x5  
  147  10:02  Zealot x4  
  162  10:16  Photon Cannon  
  162  10:22  High Templar x2, Nexus  
  166  10:32  High Templar x3  
  154  10:55  High Templar x2  
  154  10:56  Probe (Chrono Boost)  
  154  10:58  Probe x2 (Chrono Boost)  
  154  11:04  Pylon  
  154  11:08  Probe (Chrono Boost)  
  154  11:10  Probe (Chrono Boost)  
  156  11:11  Pylon  
  156  11:12  Pylon  
  156  11:15  Pylon x2  
  156  11:17  Pylon x2  
  156  11:20  Assimilator  
  156  11:22  Assimilator  
  156  11:25  Zealot, High Templar x2  
  160  11:26  Zealot  
  160  11:27  Archon  
  159  11:37  Probe (Chrono Boost)  
  160  11:40  Archon  
  160  11:44  Zealot x4  
  160  11:46  Zealot x2  
  157  11:51  Probe (Chrono Boost)  
  157  11:53  Probe x2 (Chrono Boost)  
  142  12:17  Stalker x3  
  142  12:18  Stalker x5  
  158  12:29  Nexus  
  158  12:40  Pylon  
  158  12:41  High Templar x6  
  170  12:45  Pylon  
  170  12:46  Archon x3  
  170  12:47  Gateway  
  170  12:48  Gateway  
  170  12:50  Gateway, Protoss Shields Level 1  
  170  12:56  High Templar x2  
  174  13:02  Pylon  
  174  13:09  Assimilator  
  174  13:13  Assimilator  
  172  13:25  High Templar  
  172  13:26  Zealot x4, High Templar  
  174  13:30  Archon  
  176  13:34  Probe x2 (Chrono Boost)  
  176  13:46  Stalker  
  176  13:47  Stalker x3  
  182  14:02  Zealot x4  
  174  14:10  Zealot x3  
  174  14:15  Archon  
  140  14:23  Zealot x5  
  100  14:33  High Templar x2  
  100  14:36  High Templar  
  106  14:47  Archon  
  88  14:57  High Templar x2  
  88  14:58  Zealot, High Templar x2  
  80  15:01  Archon  
  80  15:02  Archon  
  76  15:09  Zealot x3  
Show
View Real Time Build Order
Export as new Build Order

Snute Zerg - Winner!

Build Orders: Hatch First, Muta Ling Bane 

Get SALT Encoding   

  12  0:00  Drone  
  13  0:12  Overlord  
  13  0:17  Drone  
  14  0:30  Drone x2  
  14  0:34  Drone  
  17  0:51  Drone  
  18  0:58  Drone, Hatchery  
  18  1:04  Extractor  
  18  1:06  Drone  
  18  1:16  Spawning Pool  
  17  1:20  Drone  
  18  1:28  Drone  
  19  1:38  Overlord  
  19  1:49  Drone  
  20  2:01  Drone  
  21  2:02  Queen  
  21  2:05  Metabolic Boost  
  23  2:10  Queen, Drone  
  23  2:11  Zergling x2  
  27  2:21  Drone x2  
  29  2:32  Drone x2  
  31  2:43  Drone x2, Hatchery  
  32  2:53  Overlord  
  32  2:54  Zergling x2  
  33  3:06  Zergling x4  
  33  3:11  Zergling x2  
  36  3:13  Zergling x4  
  36  3:14  Drone  
  36  3:17  Drone x3  
  36  3:18  Drone  
  43  3:26  Drone  
  43  3:27  Drone  
  44  3:38  Overlord  
  44  3:39  Lair  
  43  3:41  Drone, Extractor  
  43  3:43  Drone, Extractor  
  43  3:47  Roach Warren, Drone  
  43  3:55  Queen  
  45  3:56  Drone  
  45  3:57  Drone x3  
  45  3:59  Drone  
  45  4:00  Drone  
  51  4:07  Overlord  
  51  4:09  Overlord  
  51  4:13  Queen  
  51  4:28  Roach x6  
  51  4:29  Roach  
  65  4:33  Roach  
  65  4:38  Glial Reconstitution  
  66  4:40  Roach  
  66  4:41  Roach  
  71  4:45  Drone x2  
  71  4:46  Drone  
  71  4:49  Spore Crawler  
  71  4:51  Spore Crawler  
  69  4:56  Spore Crawler, Roach  
  70  5:00  Roach  
  70  5:05  Drone, Overlord  
  70  5:06  Drone  
  74  5:13  Spire  
  73  5:16  Overlord  
  73  5:18  Drone  
  74  5:23  Drone  
  74  5:24  Drone x2  
  74  5:25  Drone  
  74  5:26  Drone  
  74  5:27  Drone  
  80  5:31  Overlord  
  80  5:33  Drone  
  81  5:40  Roach x2  
  78  5:52  Overlord x2  
  78  5:53  Drone x5  
  78  5:56  Overlord  
  83  5:57  Drone  
  83  5:59  Drone  
  83  6:00  Extractor  
  83  6:02  Overlord  
  84  6:05  Overlord  
  84  6:25  Mutalisk x5  
  94  6:33  Mutalisk  
  94  6:34  Evolution Chamber  
  94  6:35  Drone x2  
  94  6:36  Drone  
  94  6:38  Drone  
  94  6:39  Drone, Hatchery  
  99  6:41  Drone x2  
  99  6:43  Drone  
  102  6:50  Baneling Nest  
  102  6:52  Drone x4  
  105  6:54  Overseer  
  105  6:57  Ravager x2  
  105  6:58  Drone x3  
  110  7:01  Drone  
  110  7:02  Drone x2  
  110  7:05  Zerg Melee Weapons Level 1  
  110  7:07  Drone x2  
  115  7:21  Zergling x8  
  115  7:22  Zergling x8  
  121  7:35  Zergling x14  
  128  7:38  Centrifical Hooks  
  128  7:39  Hatchery  
  128  7:43  Hatchery  
  124  7:59  Zergling x2  
  124  8:00  Zergling x20  
  133  8:06  Drone x3  
  133  8:10  Overlord x3  
  136  8:14  Overlord  
  136  8:24  Overlord  
  134  8:30  Drone x4  
  134  8:31  Zergling x12  
  144  8:36  Pneumatized Carapace  
  143  8:42  Zergling x8  
  143  8:43  Zergling x8  
  143  8:44  Hatchery  
  150  8:51  Ravager x8, Spore Crawler  
  150  8:52  Ravager  
  150  8:53  Zergling x10  
  163  9:00  Zergling x4  
  163  9:01  Zergling x10  
  170  9:02  Zerg Melee Weapons Level 2  
  170  9:06  Overlord  
  170  9:08  Zergling x2  
  170  9:09  Zergling x12  
  177  9:11  Ravager  
  177  9:12  Ravager  
  177  9:17  Overlord x2  
  175  9:18  Mutalisk  
  175  9:19  Mutalisk  
  175  9:20  Zergling x2  
  175  9:21  Zergling x2  
  175  9:23  Overseer  
  181  9:26  Queen  
  181  9:30  Zergling x2  
  181  9:31  Zergling x22  
  195  9:35  Overlord  
  195  9:38  Spine Crawler  
  195  9:42  Baneling x9  
  194  9:50  Zergling x2  
  194  9:51  Zergling x10  
  193  10:00  Zergling x6  
  193  10:01  Zergling x6  
  193  10:16  Baneling x15  
  174  10:29  Zergling x28  
  174  10:30  Zergling x22  
  174  10:34  Zergling x2  
  174  10:44  Zergling x12  
  163  10:55  Zergling x10  
  163  10:56  Zergling x8  
  162  11:02  Queen  
  157  11:05  Zergling x18  
  157  11:08  Baneling x15  
  157  11:09  Baneling x7  
  166  11:12  Zergling x2  
  166  11:16  Infestation Pit  
  166  11:17  Zergling x12  
  172  11:20  Zergling x2  
  172  11:21  Zergling x4  
  172  11:24  Zergling x8  
  179  11:32  Zergling x26  
  179  11:45  Zergling x20  
  182  11:54  Mutalisk x3  
  185  12:02  Zergling x28  
  185  12:03  Zergling x2  
  184  12:12  Zergling x18  
  174  12:18  Hive  
  171  12:24  Drone x4  
  175  12:36  Zergling x6  
  175  12:37  Zergling x22  
  182  12:38  Mutalisk  
  182  12:39  Zergling x2  
  182  12:40  Zergling x10  
  191  12:50  Mutalisk x2  
  195  12:56  Spore Crawler  
  194  13:00  Zergling x6  
  194  13:01  Zergling x4  
  197  13:20  Zergling x2  
  197  13:21  Zergling x10  
  197  13:33  Hatchery  
  196  13:35  Greater Spire  
  196  13:40  Zergling x32  
  200  13:44  Baneling x16  
  200  13:45  Baneling x4  
  196  13:59  Zergling x2  
  196  14:00  Zergling x32  
  199  14:07  Zergling x32  
  146  14:19  Zergling x18  
  146  14:21  Zergling x8  
  130  14:27  Zergling x2  
  130  14:28  Zergling x14  
  130  14:29  Roach x2  
  130  14:30  Roach  
  135  14:32  Baneling x3  
  135  14:33  Baneling x13  
  135  14:37  Zergling x14  
  142  14:45  Zergling x2  
  142  14:46  Zergling x14  
  128  14:56  Zergling x14  
  128  14:59  Zergling x2  
  129  15:02  Zergling x2  
  122  15:10  Ravager x3  
Tags
 
Add a new tag
Caveats
  • Supply blocks, unpowered buildings, or Contaminate may cause inaccurate times.
  • Supply counts are checked every 10 seconds.